 Dungeon Crawl Stone Soup version 0.18-a0-1418-ga86aa8f (webtiles) character file.

281 Tomstefer the Cleaver (level 6, -2/50 HPs)
             Began as a Minotaur Gladiator on Feb 26, 2016.
             Was an Initiate of Trog.
             Slain by Pikel
             ... wielding a +2 whip of freezing
              (4 damage)
             ... on level 3 of the Dungeon.
             The game lasted 00:04:48 (2574 turns).

Tomstefer the Cleaver (Minotaur Gladiator)          Turns: 2574, Time: 00:04:49

Health: -2/50      AC:  6    Str: 20    XL:     6   Next: 6%
Magic:  5/5        EV: 11    Int:  5    God:    Trog [......]
Gold:   148        SH:  0    Dex: 12    Spells: 0 memorised, 5 levels left

rFire  . . .     SeeInvis .     a - +0 war axe
rCold  . . .     Gourm    .     j - +0 scale mail
rNeg   . . .     Faith    .     (no shield)
rPois  .         Spirit   .     c - +0 hat
rElec  .         Dismiss  .     (no cloak)
rCorr  .         Reflect  .     (no gloves)
SustAt .         Harm     .     (no boots)
MR     .....                    (no amulet)
Stlth  ..........               (no ring)
                                (no ring)

@: not resistant to hostile enchantments, extremely unstealthy
A: retaliatory headbutt, horns 2
a: Burn Spellbooks, Renounce Religion


You were on level 3 of the Dungeon.
You worshipped Trog.
Trog was noncommittal.
You were not hungry.

You visited 1 branch of the dungeon, and saw 4 of its levels.

You collected 148 gold pieces.

Inventory:

Hand Weapons
 a - a +0 war axe (weapon)
Missiles
 d - 3 throwing nets (quivered)
Armour
 b - a +0 leather armour
 c - a +0 hat (worn)
 j - a +0 scale mail (worn)
Jewellery
 l - an uncursed ring of fire {unknown}
 s - a cursed ring of teleportation {unknown}
 y - a +3 ring of intelligence {unknown}
Scrolls
 h - a scroll of noise {unknown}
 i - 6 scrolls of identify {unknown}
 p - a scroll of fear {unknown}
 q - a scroll of immolation {unknown}
 r - 5 scrolls of enchant armour {unknown}
 v - a scroll of fog {unknown}
 w - a scroll of teleportation {unknown}
 x - a scroll of remove curse {unknown}
 z - a scroll of enchant weapon {unknown}
 C - a scroll of blinking {unknown}
Potions
 e - 2 potions of lignification {unknown}
 k - a potion of brilliance {unknown}
 m - a potion of degeneration {unknown}
 t - a potion of ambrosia {unknown}
 A - a potion of heal wounds {unknown}
 B - 2 potions of magic {unknown}
Comestibles
 f - 3 bread rations
 n - 3 meat rations
 o - a slice of pizza
 u - 5 fruits


   Skills:
 - Level 2.4 Fighting
 + Level 8.2 Axes
 - Level 2.0 Throwing
 - Level 3.2 Dodging


You had 5 spell levels left.
You didn't know any spells.

Dungeon Overview and Level Annotations

Branches:
Dungeon (4/15)
 Temple: D:4-7

Altars:
Sif Muna
Trog

Annotations:
D:3 Pikel


Innate Abilities, Weirdness & Mutations

You reflexively headbutt those who attack you in melee.
You have a pair of horns on your head.


Message History

Pikel is moderately wounded.
Pikel closely misses you.
Okay, then.
You hit Pikel. You headbutt Pikel.
Pikel is heavily wounded.
Pikel barely misses you.
You closely miss Pikel.
Pikel is heavily wounded.
Pikel misses you.
You slash Pikel!
Pikel is severely wounded.
Pikel hits you but does no damage.
You hit Pikel. You headbutt Pikel, but do no damage.
Pikel is almost dead.
Pikel hits you with a whip of freezing!
* * * LOW HITPOINT WARNING * * *
Pikel freezes you.
* * * LOW HITPOINT WARNING * * *
Pikel hits you with a whip of freezing.
You die...

# ##≈≈≈≈≈##..# #.###.# #. #
#########.###.###.#######. #
#.##.....>........ #
#.##..##########.. #####
#.##..# #.. ....#
#.##..##########.. ###.#
#.##..............
#.############.##.###########..
###............K@##.# #..
.....##############.# #.#
###.## #.# #.# #.#
#.###########.# #.# #####
#.............# #.#
#...#################.# #.#
#.#.........# #.# #.#
#...#######.# ###.# #.# ##.##
#.# ##...#


You could see Pikel.

Vanquished Creatures
  A vampire bat (D:3)
  A hound (D:3)
  An orc wizard (D:3)
  Jessica (D:2)
  Terence (D:3)
  6 adders
  A worm (D:2)
  A dart slug (D:1)
  4 giant geckos
  3 orcs (D:3)
  9 bats
  4 giant cockroaches
  11 goblins
  8 hobgoblins
  3 jackals (D:2)
  4 kobolds
  A quokka (D:2)
  3 ball pythons
  2 giant newts
  12 rats
77 creatures vanquished.

Notes
Turn   | Place    | Note
--------------------------------------------------------------
     0 | D:1      | Tomstefer the Minotaur Gladiator began the quest for the Orb.
     0 | D:1      | Reached XP level 1. HP: 18/18 MP: 0/0
    38 | D:1      | Reached skill level 4 in Axes
   259 | D:1      | Reached XP level 2. HP: 23/25 MP: 1/1
   580 | D:1      | Reached skill level 5 in Axes
   749 | D:1      | Reached XP level 3. HP: 30/30 MP: 2/2
   871 | D:2      | Reached XP level 4. HP: 13/37 MP: 3/3
  1087 | D:2      | Found a faded altar to an unknown god.
  1198 | D:2      | Reached skill level 6 in Axes
  1365 | D:2      | Noticed Jessica
  1368 | D:2      | Killed Jessica
  1687 | D:3      | Reached XP level 5. HP: 42/42 MP: 4/4
  1691 | D:3      | Reached skill level 7 in Axes
  1739 | D:3      | Noticed Terence
  1748 | D:3      | Killed Terence
  1802 | D:3      | Found a bloodstained altar of Trog.
  1822 | D:3      | Became a worshipper of Trog the Wrathful
  1974 | D:3      | Found a deep blue altar of Sif Muna.
  2035 | D:3      | Reached skill level 8 in Axes
  2252 | D:4      | Noticed a slave
  2253 | D:4      | Noticed a slave
  2256 | D:4      | Noticed Pikel
  2257 | D:4      | Noticed a slave
  2258 | D:4      | Noticed a slave
  2272 | D:3      | Reached XP level 6. HP: 21/50 MP: 5/5
  2574 | D:3      | HP: 2/50 [Pikel/whip of freezing (1)]
  2574 | D:3      | Slain by Pikel

Vault maps used:
D:1:      minmay_arrival_jagged
D:2:      ecumenical_altar_2, first_bread, uniq_jessica
D:3:      led_sif_pool, roderic_batcave, trog_three_pillars_becter, uniq_terence
D:4:      kennysheep_little_box, xom_butterflies, uniq_pikel

Skill      XL: |  1  2  3  4  5 |
---------------+----------------+-----
Axes           | 4 5 6 8 |  8.2
Fighting       | |  2.4
Throwing       | |  2.0
Dodging        | |  3.2

Action                   |  1- 3 |  4- 6 || total
-------------------------+-------+-------++-------
Melee: War axe           |    79 |    94 ||   173
  Eat: Chunk             |       |     5 ||     5
